AoeStats
← 2722027078

Arena

507958745Analyzed
3v3 RM · 12d ago on Sep 20, 2026· 34m 52s· 6 players
Game mode
Random Map
Map size
Normal (6 player)
Population
200
Speed
Normal
Resources
Standard
Victory
Conquest
Starting age
Dark Age
Ending age
Imperial Age
RankedLock teamsTeams togetherTeam positionsShared explorationLock speedFull tech treeHidden civsTurbo modeCheats
Victory
Defeat
🇹🇷 Teutons · Türkiye
1233
+10
🇬🇧 Huns · United Kingdom
1107
+15
🇹🇷 Chinese · Türkiye
1046
+17
🇺🇸 Hindustanis · United States
1125
-16
🇦🇷 Jurchens · Argentina
1068
-13
🇫🇷 Khmer · France
1051
-39
iBenj
9:43 Feudal Age
10:12 Double-Bit Axe
13:15 Loom
16:00 Castle Age
22:50 Horse Collar
24:52 Husbandry
25:03 Bloodlines
29:05 Imperial Age
26:47 Marauders
27:18 Bloodlines
28:28 Wheelbarrow
30:35 Forging
30:37 Heavy Plow
hekanic
0:29 Loom
10:51 Feudal Age
11:26 Double-Bit Axe
12:56 Horse Collar
18:56 Castle Age
18:46 Gold Mining
18:49 Stone Mining
19:06 Fletching
19:16 Padded Archer Armor
20:13 Forging
21:49 Wheelbarrow
21:58 Scale Mail Armor
22:56 Town Watch
23:37 Bodkin Arrow
23:58 Leather Archer Armor
24:41 Bow Saw
25:02 Heavy Plow
26:06 Stone Shaft Mining
25:22 Gold Mining
26:35 Hand Cart
29:11 Ballistics
29:36 Murder Holes
30:38 Gold Shaft Mining
32:42 Imperial Age
31:19 Fortified Wall
31:52 Iron Casting
31:21 Town Patrol
32:47 Thumb Ring
35:02 Conscription
35:05 Bracer
35:35 Ring Archer Armor
1lac
6:12 Loom
8:42 Feudal Age
10:25 Fletching
23:05 Castle Age
22:12 Horse Collar
22:21 Double-Bit Axe
33:42 Imperial Age
31:09 Elite Skirmisher
32:07 Forging
32:15 Town Watch
33:05 Scale Barding Armor
34:30 Bodkin Arrow
35:01 Ballistics
35:39 Iron Casting
ArkumKnight007
10:14 Feudal Age
11:33 Double-Bit Axe
20:09 Horse Collar
25:47 Castle Age
25:53 Castle Age
23:52 Gold Mining
23:56 Stone Mining
26:24 Forging
26:04 Fletching
28:05 Bow Saw
30:47 Bow Saw
31:05 Bloodlines
30:56 Husbandry
32:06 Wheelbarrow
LEBODN
9:55 Feudal Age
13:49 Wheelbarrow
16:42 Bloodlines
17:19 Double-Bit Axe
17:58 Horse Collar
26:53 Castle Age
27:10 Light Cavalry
28:31 Hand Cart
33:06 Imperial Age
32:20 Husbandry
2722027078
11:26 Feudal Age
12:37 Loom
13:20 Loom
15:58 Castle Age
16:23 Scale Barding Armor
21:42 Horse Collar
21:58 Double-Bit Axe
26:05 Gold Mining
27:37 Wheelbarrow
29:31 Gold Shaft Mining
29:45 Bow Saw
35:11 Imperial Age
33:51 Scale Barding Armor
33:56 Forging
34:12 Hand Cart
35:33 Chain Barding Armor
Connection lost

Rejoining the realm…

Still unreachable

The connection could not be restored.

Session expired

The server has moved on; the page needs a fresh start.